Map: Odyssey LE

Players

BroodGuard

  • Race: Zerg Zerg
  • League: Diamond
  • Spawn Location: 11:00

Yata - Winner!

  • Race: Zerg Zerg
  • League: Platinum
  • Spawn Location: 5:00

VOD

Have the link to the VOD?

Description

Time

  • Played on: Oct. 11, 2017, 7:39 p.m.
  • Length: 12:07
Show
View Real Time Build Order
Export as new Build Order

BroodGuard Zerg 

Build Orders: Pool First 

Get SALT Encoding   

  12  0:01  Drone  
  13  0:10  Drone  
  14  0:22  Overlord  
  14  0:40  Extractor, Drone x3  
  16  0:49  Spawning Pool  
  15  1:06  Drone x2  
  17  1:32  Hatchery  
  16  1:41  Zergling x6  
  19  1:48  Queen  
  21  1:54  Metabolic Boost  
  21  2:14  Zergling x2  
  22  2:16  Overlord  
  22  2:29  Baneling Nest  
  21  2:35  Zergling x4  
  22  2:57  Zergling x10  
  22  2:58  Zergling x4  
  27  3:00  Queen  
  29  3:13  Zergling x4  
  29  3:19  Baneling x4  
  31  3:24  Drone  
  23  3:56  Zergling x2  
  23  3:57  Zergling x10  
  26  4:10  Drone x2  
  28  4:17  Baneling x2  
  28  4:23  Drone x2  
  27  4:38  Zergling x14  
  31  4:45  Spine Crawler  
  29  5:03  Baneling x2  
  29  5:04  Baneling x3  
  29  5:13  Zergling x4  
  29  5:14  Zergling x8  
  31  5:25  Drone x3  
  34  5:30  Extractor  
  33  5:47  Zergling x4  
  33  5:48  Zergling x2  
  36  5:50  Overlord  
  30  6:17  Zergling x12  
  30  6:18  Zergling x4  
  34  6:48  Baneling x6  
  27  7:05  Zergling x2  
  27  7:06  Zergling x14  
  35  7:13  Evolution Chamber  
  33  7:21  Evolution Chamber  
  31  7:44  Roach Warren  
  31  7:50  Drone x4  
  34  8:05  Drone x3  
  34  8:12  Drone x2  
  31  8:21  Zergling x4  
  33  8:41  Baneling x2  
  32  8:51  Roach x5  
  32  8:52  Roach  
  43  8:56  Evolution Chamber  
  42  9:10  Spine Crawler  
  41  9:21  Roach x2  
  43  9:27  Overlord  
  43  9:28  Overlord x2  
  43  9:32  Overlord  
  43  9:46  Roach x3  
  49  9:54  Roach x2  
  49  9:59  Drone  
  55  10:00  Drone  
  47  10:16  Roach x3  
  53  10:22  Roach  
  53  10:23  Roach  
  57  10:30  Roach x2  
  61  10:36  Roach  
  63  10:45  Burrow  
  63  10:50  Roach  
  63  10:51  Roach  
  63  10:55  Drone x2  
  69  10:57  Drone  
  70  11:04  Roach x2  
  70  11:09  Roach  
  76  11:24  Roach  
  76  11:25  Roach x2  
  76  11:27  Overlord  
  64  11:39  Roach x4  
  72  11:48  Drone x3  
Show
View Real Time Build Order
Export as new Build Order

Yata Zerg - Winner!

Build Orders: Hatch First 

Get SALT Encoding   

  12  0:01  Drone  
  13  0:12  Overlord  
  13  0:17  Drone  
  14  0:30  Drone  
  14  0:31  Drone  
  14  0:34  Drone  
  17  0:55  Drone  
  17  0:56  Hatchery  
  17  0:58  Drone  
  18  1:09  Extractor  
  17  1:14  Spawning Pool  
  17  1:17  Drone  
  17  1:21  Drone  
  18  1:28  Drone  
  19  1:38  Overlord  
  19  1:49  Drone  
  20  2:01  Queen  
  20  2:07  Queen  
  24  2:08  Zergling x2  
  24  2:09  Zergling x2  
  24  2:10  Drone  
  27  2:15  Evolution Chamber  
  27  2:16  Metabolic Boost  
  27  2:20  Drone  
  27  2:24  Zergling x2  
  28  2:35  Zergling x4  
  28  2:53  Zergling x6  
  28  2:56  Queen  
  31  3:08  Drone x3  
  34  3:13  Baneling Nest  
  33  3:23  Drone x2  
  35  3:27  Overlord x2  
  35  3:39  Zergling x2  
  32  3:56  Zergling x8  
  32  3:57  Zergling x4  
  32  4:02  Drone x3  
  41  4:07  Baneling x3  
  41  4:08  Zergling x2, Baneling x2  
  42  4:20  Zergling x4  
  44  4:27  Drone  
  44  4:33  Zergling x2  
  45  4:45  Drone x5  
  43  4:57  Zergling x4  
  44  5:02  Hatchery  
  44  5:04  Zergling x4  
  45  5:13  Zergling x4  
  43  5:20  Zergling x2  
  43  5:21  Zergling x10  
  47  5:25  Baneling x2  
  47  5:26  Baneling x3  
  47  5:27  Zergling x2  
  50  5:34  Queen  
  52  5:42  Overlord x3  
  52  5:49  Lair  
  52  5:52  Extractor  
  52  5:53  Drone  
  52  5:54  Extractor  
  52  5:55  Drone  
  52  6:10  Zergling x4  
  52  6:11  Zergling x8  
  44  6:19  Zergling x14  
  49  6:26  Zergling x6  
  52  6:41  Zerg Melee Weapons Level 1  
  52  6:45  Drone x4  
  54  7:04  Zergling x20  
  64  7:12  Baneling x3  
  64  7:14  Centrifical Hooks  
  64  7:18  Drone x3  
  64  7:19  Drone x5  
  64  7:20  Queen  
  68  7:49  Zergling x22  
  77  8:01  Queen  
  74  8:20  Drone x8  
  74  8:22  Overlord x3  
  82  8:33  Queen  
  81  8:38  Zergling x14  
  81  8:41  Baneling x4  
  79  8:42  Baneling  
  79  8:43  Baneling  
  79  8:44  Baneling  
  79  8:54  Drone  
  79  8:55  Drone x4  
  84  9:02  Roach Warren  
  81  9:25  Zergling x2  
  81  9:26  Zergling x16  
  81  9:28  Drone x3  
  90  9:46  Roach x3  
  90  9:51  Queen  
  90  9:52  Glial Reconstitution  
  98  9:56  Overlord  
  98  9:57  Overlord x2  
  96  10:10  Roach x2  
  96  10:11  Roach  
  96  10:12  Roach  
  98  10:14  Roach  
  98  10:20  Roach  
  98  10:21  Roach x5  
  107  10:34  Roach  
  107  10:35  Roach x4  
  117  10:38  Zergling x2  
  118  10:53  Hatchery  
  118  10:55  Roach x2  
  121  10:57  Overlord x3  
  121  10:58  Overlord x2  
  121  10:59  Overlord  
  121  11:24  Roach  
  121  11:25  Roach x7  
  130  11:28  Zergling x2  
  121  11:47  Roach x4  
  121  11:48  Roach x4  
  143  12:06  Ravager x3  
Tags
 
Matchup
ZvZ
Race
Zerg
Replay Pack
Pack 1
Spawn Locations
Cross Positions
Add a new tag
Caveats
  • Supply blocks, unpowered buildings, or Contaminate may cause inaccurate times.
  • Supply counts are checked every 10 seconds.